 Dungeon Crawl Stone Soup version 0.17-a0-1678-g710b578 (console) character file.

48 Monkaria the Ducker (level 3, -2/17 HPs)
             Began as a Felid Chaos Knight on Aug 19, 2015.
             Slain by a jackal (3 damage)
             ... on level 2 of the Dungeon.
             The game lasted 00:01:07 (1110 turns).

Monkaria the Ducker (Felid Chaos Knight)            Turns: 1110, Time: 00:01:07

Health: -2/17      AC:  1    Str:  9    XL:     3   Next: 50%
Magic:  4/4        EV: 20    Int: 13    God:    Xom [.....*]
Gold:   72         SH:  0    Dex: 15    Spells: 0 memorised, 2 levels left
                                        Lives:  0   Deaths: 0

rFire  . . .     SeeInvis +       - Unarmed
rCold  . . .     Clarity  .     (armour unavailable)
rNeg   . . .     SustAt   .     (shield unavailable)
rPois  .         Gourm    .     (helmet unavailable)
rElec  .         Spirit   .     (cloak unavailable)
rCorr  .         Warding  .     (gloves unavailable)
rMut   .         Stasis   .     (boots unavailable)
MR     .....                    (no amulet)
Stlth  ++........               (no ring)
                                (no ring)

@: quick, not resistant to hostile enchantments, unstealthy
A: no armour, no weapons or thrown items, claws 1, fangs 3, see invisible,
carnivore 3, speed 1, shaggy fur 1, slow metabolism 1, sharp paws
a: Renounce Religion


You were on level 2 of the Dungeon.
You worshipped Xom.
You were Xom's teddy bear.
You were very full.

You visited 1 branch of the dungeon, and saw 2 of its levels.

You collected 72 gold pieces.

Inventory:

Jewellery
 h - an uncursed ring of wizardry {unknown}
 m - a +4 ring of evasion {unknown}
Scrolls
 b - a scroll of identify {unknown}
 c - a scroll of fear {unknown}
 d - a scroll of blinking {unknown}
 e - a scroll of fog {unknown}
 j - a scroll of immolation {unknown}
 k - a scroll of recharging {unknown}
 o - a scroll of enchant weapon {unknown}
 p - a scroll of amnesia {unknown}
 q - a scroll of enchant armour {unknown}
Potions
 f - a potion of might {unknown}
 g - a potion of ambrosia {unknown}
 i - a potion of curing {unknown}
 l - a potion of mutation {unknown}
 s - a potion of agility {unknown}
 t - a potion of heal wounds {unknown}
Comestibles
 a - a meat ration
 n - a beef jerky


   Skills:
 - Level 3.0 Fighting
 + Level 5.5 Dodging
 - Level 3.0 Unarmed Combat


You had 2 spell levels left.
You didn't know any spells.

Dungeon Overview and Level Annotations

Branches:
Dungeon (2/15)

Altars:


Innate Abilities, Weirdness & Mutations

You cannot wear armour.
You are incapable of wielding weapons or throwing items.
You have sharp claws.
You have razor-sharp teeth.
You have supernaturally acute eyesight.
You are carnivorous and can eat meat at any time.
You cover ground quickly.
You are covered in fur (AC +1).
You have a slow metabolism.
Your sharp claws are effective at attacking unaware monsters.


Message History

You scratch the jackal.
The jackal is severely wounded.
The bat hits you but does no damage. The jackal closely misses you.
The bat barely misses you.
You closely miss the jackal.
The jackal is severely wounded.
The bat misses you. The jackal closely misses you. The jackal bites you.
* * * LOW HITPOINT WARNING * * *
You closely miss the jackal.
The jackal is severely wounded.
The bat misses you. The jackal barely misses you.
You miss the bat. Your bite misses the bat.
The bat is moderately wounded.
The bat misses you. The bat completely misses you. The jackal bites you.
* * * LOW HITPOINT WARNING * * *
You completely miss the jackal.
The jackal is severely wounded.
The bat hits you but does no damage. The jackal bites you.
You die... "Huh?
Did I miss anything?"

#....# ##########...#....
#....# #............###.#
#....# #................#
#....# #.........#.#.#..#
###########
#....(....'...#..# ....#
#.........#.###..# .†..#
###### #.........#.#....#
....# #....#
#.........#.#.#.## .#'##
+....####@........#.#.#.#
.#.#
#....#..h.b.......#.#.#.#
.+.#
#....#.##.........#.#.#.#
.###
#..†.#'############.#.#.##
.# #...%.b....# #.........
## #..........# #.#.#.#...
#..........# #.#.....
#..........# #.......
#..........# #######.


You could see a jackal and a bat.

Vanquished Creatures
  An adder (D:2)
  A gnoll (D:1)
  2 giant geckos
  2 bats (D:2)
  2 giant cockroaches (D:1)
  5 hobgoblins
  3 jackals (D:2)
  5 goblins
  2 kobolds
  2 rats
25 creatures vanquished.

Notes
Turn   | Place    | Note
--------------------------------------------------------------
     0 | D:1      | Monkaria the Felid Chaos Knight began the quest for the Orb.
     0 | D:1      | Reached XP level 1. HP: 10/10 MP: 2/2
    62 | D:1      | XOM: butterfly on damage
    84 | D:1      | XOM: divination: detect items
   140 | D:1      | Reached skill level 4 in Dodging
   142 | D:1      | XOM: harmless Pois miscast
   217 | D:1      | Reached XP level 2. HP: 8/14 MP: 3/3
   261 | D:1      | XOM: silly message
   278 | D:1      | XOM is BORED!
   278 | D:1      | XOM: silly message
   502 | D:1      | XOM: cast spell 'Spider Form'
   719 | D:2      | XOM: butterfly on damage
   721 | D:2      | Reached skill level 5 in Dodging
   721 | D:2      | Reached XP level 3. HP: 12/17 MP: 4/4
  1110 | D:2      | Slain by a jackal

Vault maps used:
D:1:      dpeg_arrival_chambers_temple_mockup

Action                   || total
-------------------------++-------
Melee: Unarmed           ||    76
 Stab: Sleeping          ||     3
  Eat: Chunk             ||     7
